 Dungeon Crawl Stone Soup version 0.26.1-11-gd32895ea62 (webtiles) character file.

Game seed: 4363706719059649466

95 Descartes the Sneak (level 4, -2/19 HPs)
             Began as a Felid Transmuter on May 2, 2021.
             Slain by Natasha (9 damage)
             ... on level 3 of the Dungeon on May 3, 2021.
             The game lasted 00:06:26 (4944 turns).

Descartes the Sneak (Felid Transmuter)              Turns: 4944, Time: 00:06:27

Health: -2/19      AC:  1    Str:  7    XL:     4   Next: 40%
Magic:  8/8        EV: 19    Int: 14    God:
Gold:   158        SH:  0    Dex: 16    Spells: 6/7 levels left
                                        Lives:  0   Deaths: 1

rFire    . . .     SeeInvis +     - Unarmed
rCold    . . .     Faith    .   (shield unavailable)
rNeg     . . .     Spirit   .   (armour unavailable)
rPois    .         Reflect  .   (helmet unavailable)
rElec    .         Harm     .   (cloak unavailable)
rCorr    .         Rampage  .   (gloves unavailable)
Will     .....                  (boots unavailable)
Stlth    ++++......             (no amulet)
HPRegen  0.06/turn              (no ring)
MPRegen  0.11/turn              (no ring)

@: quick
A: very small, no armour, no weapons or thrown items, stealth, claws 1, fangs 3,
see invisible, speed 1, shaggy fur 1, sharp paws
a: no special abilities


You were on level 3 of the Dungeon.
You visited 1 branch of the dungeon, and saw 4 of its levels.

You collected 158 gold pieces.

Inventory:

Missiles
 d - 117 stones
 p - 26 arrows
Scrolls
 a - 2 scrolls of teleportation {unknown}
 b - a scroll of noise {unknown}
 c - 3 scrolls of identify {unknown}
 e - 2 scrolls of fog {unknown}
 f - a scroll of immolation {unknown}
 g - a scroll of amnesia {unknown}
 l - a scroll of enchant weapon {unknown}
Potions
 h - a potion of ambrosia {unknown}
 i - a potion of degeneration {unknown}
 j - a potion of heal wounds {unknown}
 k - a potion of berserk rage {unknown}
 m - a potion of mutation {unknown}
 n - a potion of lignification {unknown}
 o - 2 potions of curing {unknown}


   Skills:
 - Level 1.0 Fighting
 + Level 4.1 Dodging
 - Level 6.0 Stealth
 - Level 3.0 Unarmed Combat
 - Level 2.0 Spellcasting
 - Level 2.1 Transmutations


You had 6 spell levels left.
You knew the following spells:

 Your Spells              Type           Power        Failure   Level
a - Beastly Appendage     Tmut           14%          10%         1

Your spell library contained the following spells:

 Spells                   Type           Power        Failure   Level
 Wereblood                Tmut           7%           14%         2
 Spider Form              Tmut/Pois      2%           41%         3
 Ice Form                 Ice/Tmut       4%           83%         4
 Blade Hands              Tmut           3%           95%         5


Dungeon Overview and Level Annotations

Branches:
Dungeon (4/15)
 Temple: D:4-7

Altars:
Qazlal
Trog

Annotations:
D:3 Natasha


Innate Abilities, Weirdness & Mutations

You cannot wear armour.
You are incapable of wielding weapons or throwing items.
Your paws allow you to move quietly. (Stealth)
You have sharp claws.
You have razor-sharp teeth.
You have supernaturally acute eyesight. (SInv)
You cover ground quickly.
You are covered in fur. (AC +1)
Your sharp claws are effective at attacking unaware monsters.


Message History

Natasha is moderately wounded.
Natasha stares at you and mumbles some strange words.
The magic dart hits you!
You are too injured to fight recklessly!
You are too injured to fight recklessly!
You are too injured to fight recklessly!
You barely miss Natasha.
Natasha is moderately wounded.
Natasha closely misses you.
You scratch Natasha but do no damage. Your bite misses Natasha.
Natasha is moderately wounded.
Natasha completely misses you.
There is a stone staircase leading up, spattered with blood here.
Natasha misses you.
You climb upwards.
There is a stone staircase leading down here.
You scratch Natasha.
Natasha is severely wounded.
Natasha claws you!
You die...

#.##.##..........#J# #.#
#.......########...# #.#
####...## ###.# #J# ###.#
#######.# #.# #.#
#.......#######.# #.#
#..^............### #.#
#......#.##...####. #.#
#..........#..#.... #.#
#.@....#.#.#..#.##. #.#
#h..............### #.#
#.......##.#..#.# #.#
#######.##.#..#.# #.#
#(#.......# #.#
#.#..##.#.## #.#
#########.#........## #.#
#....>.##............
#.###.###........#...#..#


You could see Natasha.

Vanquished Creatures
  A jelly (D:3)
  3 gnolls
  4 dart slugs
  A leopard gecko (D:2)
  5 bats
  6 giant cockroaches
  11 goblins
  8 hobgoblins
  11 jackals
  8 kobolds
  2 ball pythons
  2 frilled lizards (D:1)
  A quokka skeleton (D:4)
  5 rats
68 creatures vanquished.

Notes
Turn   | Place    | Note
-------+----------+-------------------------------------------
     0 | D:1      | Descartes the Felid Transmuter began the quest for the Orb.
     0 | D:1      | Reached XP level 1. HP: 9/9 MP: 4/4
    59 | D:1      | Reached skill level 1 in Stealth
   158 | D:1      | Reached skill level 2 in Stealth
   171 | D:1      | Reached XP level 2. HP: 12/12 MP: 6/6
   351 | D:1      | Reached skill level 3 in Stealth
   955 | D:1      | Reached skill level 4 in Stealth
   988 | D:1      | Reached XP level 3. HP: 15/15 MP: 7/7
  1276 | D:2      | Found a bloodstained altar of Trog.
  1703 | D:2      | Reached skill level 5 in Stealth
  2178 | D:2      | Reached XP level 4. HP: 11/19 MP: 8/8
  4072 | D:3      | Found a stormy altar of Qazlal.
  4116 | D:3      | Splashed by a jelly's acid
  4117 | D:3      | Reached XP level 3. HP: -2/15 MP: 7/7
  4135 | D:3      | Reached skill level 6 in Stealth
  4604 | D:2      | Reached XP level 4. HP: 19/19 MP: 8/8
  4886 | D:4      | Noticed Natasha
  4944 | D:3      | Slain by Natasha

Illustrated notes

Levels and vault maps discovered:
D:1:      co_arrival_square_in_a_square_in_a_square, layout_basic,
          minmay_curled_crystal
D:2:      layout_rooms, bloody_trog
D:3:      layout_loops_cross, grunt_qazlal_clouds
D:4:      layout_loops_cross, uniq_natasha

Skill      XL: |  1  2  3  4 |
---------------+-------------+-----
Stealth        | 2 4 6 |  6.0
Dodging        | 3 4 |  4.1
Fighting       | |  1.0
Unarmed Combat | |  3.0
Spellcasting   | |  2.0
Transmutations | |  2.1

Action                   |  1- 3 |  4- 6 || total
-------------------------+-------+-------++-------
Melee: Unarmed           |   148 |    81 ||   229
       Bite              |     7 |     4 ||    11
       Punch             |     1 |       ||     1
 Stab: Sleeping          |    15 |     9 ||    24
Armor: Skin              |     9 |     5 ||    14
Dodge: Dodged            |   146 |    75 ||   221
